 Dungeon Crawl Stone Soup version 0.31-a0-188-g5e087ee2ca (webtiles) character file.

Game seed: 8801518230108617297

62 qw the Shooter (level 3, -2/20 HPs)
             Began as a Deep Elf Hunter on June 23, 2023.
             Slain by a gnoll
             ... wielding a +0 spear
              (7 damage)
             ... on level 2 of the Dungeon.
             The game lasted 00:00:25 (1384 turns).

qw the Shooter (Deep Elf Hunter)                    Turns: 1384, Time: 00:00:25

Health: -2/20      AC:  5    Str: 10    XL:     3   Next: 85%
Magic:  5/5        EV: 11    Int: 13    God:
Gold:   116        SH:  0    Dex: 18    Spells: 2/2 levels left

rFire   + . .        Y - +0 shortbow
rCold   . . .        (shield currently unavailable)
rNeg    . . .        i - +0 ring mail
rPois   .            (no helmet)
rElec   .            (no cloak)
rCorr   +            (no gloves)
SInv    .            (no boots)
Will    .....        (no amulet)
Stlth   +            d - ring of resist corrosion
HPRegen 0.23/turn    j - ring of protection from fire
MPRegen 0.09/turn

%: no passive effects
@: no status effects
A: no striking features
a: no special abilities


You were on level 2 of the Dungeon.
You visited 1 branch of the dungeon, and saw 2 of its levels.

You collected 116 gold pieces.


   Skills:
 - Level 1.5 Fighting
 + Level 7.3 Ranged Weapons
 - Level 2.4 Dodging
 - Level 1.2 Stealth


You had 2 spell levels left.
You didn't know any spells.
Your spell library was empty.

Inventory:

Hand Weapons
 Y - a +0 shortbow (weapon)
Armour
 b - a +0 pair of boots
 i - a +0 ring mail (worn)
Jewellery
 d - a ring of resist corrosion (left hand)
 j - a ring of protection from fire (right hand)
Scrolls
 a - a scroll of noise {unknown}
Potions
 g - a potion of attraction {unknown}
 k - a potion of might {unknown}
 l - a potion of resistance {unknown}
 n - a potion of enlightenment {unknown}

Dungeon Overview and Level Annotations

Branches:
Dungeon (2/15)

Altars:

Annotations:
D:2 exclusion: gnoll


Message History

The frilled lizard bites you but does no damage.
You shoot an arrow. The arrow hits the frilled lizard.
You kill the frilled lizard!
The gnoll completely misses you. The gnoll barely misses you.
The rat bites you.
You shoot an arrow.
The arrow hits the gnoll but does no damage.
The gnoll closely misses you. The gnoll barely misses you.
The rat bites you but does no damage.
You shoot an arrow. The arrow hits the gnoll.
The gnoll is moderately wounded.
The gnoll hits you with a +0 club.
The gnoll hits you from afar with a +0 spear.
The rat bites you but does no damage.
You shoot an arrow. The arrow hits the gnoll!
The gnoll is almost dead.
The gnoll misses you. The rat closely misses you.
The gnoll hits you from afar with a +0 spear.
You shoot an arrow.
The arrow hits the gnoll but does no damage.
The gnoll is almost dead.
The gnoll hits you with a +0 club. The rat barely misses you.
The gnoll misses you. The gnoll hits you but does no damage.
The gnoll misses you. The rat bites you but does no damage.
You shoot an arrow. The arrow hits the gnoll!
You kill the gnoll!
The gnoll hits you but does no damage. The rat closely misses you.
You shoot an arrow. The arrow barely misses the rat.
The gnoll hits you but does no damage. The rat bites you but does no damage.
You shoot an arrow. The arrow closely misses the rat.
The gnoll hits you but does no damage. The rat misses you.
You shoot an arrow. The arrow hits the rat.
You kill the rat!
The gnoll hits you from afar with a +0 spear.
The gnoll barely misses you.
You shoot an arrow. The arrow closely misses the gnoll.
The gnoll hits you from afar with a +0 spear.
You shoot an arrow. The arrow hits the gnoll.
The gnoll is moderately wounded.
The gnoll hits you from afar with a +0 spear!
You die...

#.....##.####...######...#####
########.###...#.# #...#
#....>..#.# #...# #####..##.#
#...# ##...## #...# ####
#.##.######.## ##
.....##.#.......#.# #.
#..gg).......#.#.# #.
#.##@..........#####.
#......%......#....
##.......<.##.#.##.
#..............##.
#........##..####.
####....###..# ##
#...#.......###
#.#####.......### #.#
#.......#..


You could see 2 gnolls.

Vanquished Creatures
  3 gnolls
  An adder (D:1)
  2 endoplasms (D:2)
  3 giant cockroaches
  A goblin (D:1)
  3 hobgoblins (D:1)
  A kobold (D:1)
  3 quokkas
  A ball python (D:1)
  3 bats
  A frilled lizard (D:2)
  3 rats
25 creatures vanquished.

Notes
Turn   | Place    | Note
-------+----------+-------------------------------------------
     0 | D:1      | qw the Deep Elf Hunter began the quest for the Orb.
     0 | D:1      | Reached XP level 1. HP: 12/12 MP: 3/3
     0 | D:1      | 0 ||| qw: Version: 0.3-a-9-g12657ce
     0 | D:1      | 0 ||| qw: Game counter: 4384
     0 | D:1      | 0 ||| qw: Always use a shield: true
     0 | D:1      | 0 ||| qw: God list: Okawaru
     0 | D:1      | 0 ||| qw: Allow faded altars: false
     0 | D:1      | 0 ||| qw: Do Orc after D:15 true
     0 | D:1      | 0 ||| qw: Do second Lair branch before Depths: true
     0 | D:1      | 0 ||| qw: Lair rune preference: random
     0 | D:1      | 0 ||| qw: Plans: Normal
     0 | D:1      | 0 ||| PLANNING D:1-11
   305 | D:1      | Reached skill level 6 in Ranged Weapons
   305 | D:1      | Reached XP level 2. HP: 16/16 MP: 4/4
   420 | D:1      | Found a faded altar of an unknown god.
   807 | D:1      | 807 ||| UPGRADING to +0 ring mail.
   817 | D:1      | 817 ||| DROPPING +0 leather armour.
   818 | D:1      | 818 ||| UPGRADING to ring of resist corrosion.
   819 | D:1      | 819 ||| UPGRADING to ring of protection from fire.
   820 | D:1      | 820 ||| READING scroll labelled SIATOQ HESMOCH.
   821 | D:1      | 821 ||| READING scroll labelled GUFFUEH QUEVO.
   822 | D:1      | 822 ||| READING scroll labelled VUIPPILLE.
   823 | D:1      | 823 ||| DRINKING 2 golden potions.
   824 | D:1      | 824 ||| DROPPING scroll of butterflies.
   825 | D:1      | 825 ||| DROPPING potion of brilliance.
   890 | D:2      | 890 ||| STAIRDANCE
   938 | D:2      | 938 ||| STAIRDANCE
   941 | D:1      | Reached XP level 3. HP: 7/20 MP: 5/5
   942 | D:1      | HP: 5/20 [poisoned by an adder]
  1017 | D:2      | Reached skill level 7 in Ranged Weapons
  1017 | D:2      | 1017 ||| STAIRDANCE
  1383 | D:2      | HP: 5/20 [gnoll/+0 spear (3)]
  1384 | D:2      | Slain by a gnoll

Levels and vault maps discovered:
D:1:      minmay_arrival_open_corners, layout_loops_corners,
          chequers_ecumenical_altar_island
D:2:      layout_loops_cross

Skill      XL: |  1  2  3 |
---------------+----------+-----
Ranged Weapons | 6 7 |  7.3
Fighting       | |  1.5
Dodging        | |  2.4
Stealth        | |  1.2

Action                     || total
---------------------------++-------
   Fire: Shortbow          ||    84
    Use: Scroll            ||     3
         Potion            ||     1
 Armour: Ring mail         ||    15
  Dodge: Dodged            ||    32

Table legend:
 A = Non-vault XP
 B = Vault XP
 C = Vault XP percentage of total XP
 D = Non-vault monster count
 E = Vault monster count
 F = Vault count percentage of total count
                 A         B        C        D         E       F
            +---------+---------+-------+---------+---------+-------
      Total |      89 |       0 |   0.0 |      25 |       0 |   0.0
            +---------+---------+-------+---------+---------+-------
        D:1 |      49 |       0 |   0.0 |      15 |       0 |   0.0
        D:2 |      40 |       0 |   0.0 |      10 |       0 |   0.0
            +---------+---------+-------+---------+---------+-------
